 Dungeon Crawl Stone Soup version 0.23-a0-136-g722f094350 (webtiles) character file.

242 Drachen the Shield-Bearer (level 6, -5/42 HPs)
             Began as an Octopode Fighter on Aug 28, 2018.
             Was a Follower of Nemelex Xobeh.
             Splashed by a jelly's acid (12 damage)
             ... on level 4 of the Dungeon.
             The game lasted 00:07:20 (2806 turns).

Drachen the Shield-Bearer (Octopode Fighter)        Turns: 2806, Time: 00:07:22

Health: -5/42      AC: -3    Str: 16    XL:     6   Next: 9%
Magic:  6/6        EV: 12    Int: 10    God:    Nemelex Xobeh [*.....]
Gold:   115        SH: 15    Dex: 13    Spells: 5/5 levels left

rFire    . . .     SeeInvis .   a - +1 long sword
rCold    . . .     Gourm    .   b - +1 shield
rNeg     . . .     Faith    .   (helmet restricted)
rPois    .         Spirit   .   j - +4 amulet of reflection
rElec    .         Reflect  +   m - ring of wizardry
rCorr    .         Harm     .   (no ring)
MR       .....                  (no ring)
Stlth    ++........             (no ring)
HPRegen  0.14/turn              (no ring)
MPRegen  0.10/turn              (no ring)
                                (no ring)
                                (no ring)

@: corroded, drained
A: almost no armour, stealthy swim, amphibious, 8 rings, constrict 8, camouflage
1, gelatinous body 1
a: Renounce Religion


You were on level 4 of the Dungeon.
You worshipped Nemelex Xobeh.
Nemelex Xobeh was aware of your devotion.
You were not hungry.

You visited 1 branch of the dungeon, and saw 4 of its levels.

You collected 115 gold pieces.

Inventory:

Hand Weapons
 a - a +1 long sword (weapon)
Missiles
 h - 2 javelins (quivered)
 o - 6 tomahawks of returning
 w - 6 tomahawks
Armour
 b - a +1 shield (worn)
Jewellery
 j - a +4 amulet of reflection (around mantle)
 m - a ring of wizardry (left tentacle)
 p - an uncursed amulet of harm
Scrolls
 e - a scroll of teleportation
 k - a scroll of enchant armour
Potions
 c - 2 potions of might
 f - 2 potions of cancellation {unknown}
 g - a potion of mutation {unknown}
 n - 4 potions of curing {unknown}
 q - 2 potions of heal wounds
Comestibles
 d - 4 rations


   Skills:
 - Level 3.1(2.7) Fighting
 - Level 2.1(1.7) Long Blades
 + Level 1.7(1.3) Throwing
 - Level 3.1(2.7) Dodging
 + Level 6.0(5.5) Shields
 + Level 0.4(0.0) Invocations


You had 5 spell levels left.
You didn't know any spells.
Your spell library was empty.

Dungeon Overview and Level Annotations

Branches:
Dungeon (4/15)
 Temple: D:4-7

Altars:
Nemelex Xobeh
Wu Jian


Innate Abilities, Weirdness & Mutations

You cannot wear most types of armour.
You are very stealthy in the water. (Stealth+)
You are amphibious.
You can wear up to eight rings at the same time.
You can use your tentacles to constrict eight enemies at once.
Your skin changes colour to match your surroundings (Stealth+).
Your rubbery body absorbs attacks. (AC +1, EV +1)


Message History

You hear the brisk hiss of an avalanche of sand.
Eat a chunk of flesh? (ye/n/q)
You eat the chunk of flesh.
This raw flesh tastes terrible.
h - 2 javelins (gained 1)
You open the door.
A hobgoblin zombie comes into view.
You slash the hobgoblin zombie!
You destroy the hobgoblin zombie!
There is an open door here.
Found 7 gold pieces.
A jelly comes into view.
The jelly quivers.
You slash the jelly! The acid corrodes you!
Your tentacles burn!
* * * LOW HITPOINT WARNING * * *
The jelly is severely wounded.
The jelly hits you.
* * * LOW HITPOINT WARNING * * *
The acid corrodes you!
You are splashed with acid!
The acid burns!
You die...
Your body disappears without a glow.

.####.#.#.# .......).)#
........>##.# # ......#..#
.#. ##########....#..##.#.#
............#.........#
..........###..#.#.#.#
.......J.##.##...#.#
#####..@###'###....#
#.#.#.$....#.......#..##
..........###.....###.......
#.#..##..##.##...## ##..####
........###'###.###'###..#
................).........#
......##...###..#.....#####
...... +...'....+.....+
..... #...###..# ....#


You could see a jelly.

Vanquished Creatures
  Blork the orc (D:4)
  A mummy (D:4)
  3 gnolls (D:4)
  3 adders
  An adder skeleton (D:3)
  5 worms (D:3)
  2 dart slugs (D:1)
  2 leopard geckos
  An orc (D:4)
  4 ball pythons
  6 giant cockroaches
  9 hobgoblins
  9 jackals
  4 bats
  7 frilled lizards
  7 goblins
  A hobgoblin zombie (D:4)
  9 kobolds
  An orc zombie (D:4)
  7 rats
83 creatures vanquished.

Notes
Turn   | Place    | Note
-------+----------+-------------------------------------------
     0 | D:1      | Drachen the Octopode Fighter began the quest for the Orb.
     0 | D:1      | Reached XP level 1. HP: 16/16 MP: 1/1
    61 | D:1      | Reached XP level 2. HP: 13/21 MP: 2/2
   471 | D:1      | Reached XP level 3. HP: 23/26 MP: 3/3
   589 | D:1      | Reached skill level 4 in Shields
   809 | D:2      | Reached XP level 4. HP: 27/31 MP: 4/4
   921 | D:2      | Found a sparkling altar of Nemelex Xobeh.
   968 | D:2      | Became a worshipper of Nemelex Xobeh the Trickster
   978 | D:2      | Received a gift from Nemelex Xobeh
  1027 | D:2      | Found an ornate altar of the Wu Jian Council.
  1476 | D:3      | Reached skill level 5 in Shields
  1910 | D:3      | Reached XP level 5. HP: 8/36 MP: 5/5
  2179 | D:3      | Reached skill level 1 in Throwing
  2182 | D:3      | Reached * piety under Nemelex Xobeh
  2751 | D:4      | Noticed Blork the orc
  2759 | D:4      | Killed Blork the orc
  2759 | D:4      | Reached XP level 6. HP: 8/42 MP: 6/6
  2775 | D:4      | Reached skill level 6 in Shields
  2806 | D:4      | Splashed by a jelly's acid

Vault maps used:
D:1:      dpeg_arrival_rooms_b, minmay_quantized
D:2:      lemuel_crystal_altar, lemuel_doored_altar
D:3:      serial_aquarium, aquarium_bridge_square, aquarium_window_2,
          aquarium_window_fake, aquarium_view_2c, first_ration, fountainhead,
          minmay_misc_feat_encased
D:4:      kennysheep_mini_moat, nicolae_ossuary_entry_giza, uniq_blork_the_orc

Skill      XL: |  1  2  3  4  5  6 |
---------------+-------------------+-----
Shields        | 4 5 6 |  6.0
Throwing       | 1 |  1.7
Fighting       | |  3.1
Long Blades    | |  2.1
Dodging        | |  3.1
Invocations    | |  0.4

Action                   |  1- 3 |  4- 6 || total
-------------------------+-------+-------++-------
Melee: Long sword        |    63 |    84 ||   147
       Constrict         |    27 |    24 ||    51
       Tentacles         |    15 |    10 ||    25
Throw: Javelin           |     1 |    11 ||    12
       Tomahawk          |       |     1 ||     1
Evoke: Deck              |       |     8 ||     8
  Use: Potion            |     1 |     1 ||     2
       Scroll            |       |     7 ||     7
 Stab: Sleeping          |     8 |     5 ||    13
  Eat: Chunk             |       |     3 ||     3
       Ration            |       |     1 ||     1
Armor: Skin              |     4 |     4 ||     8
Dodge: Dodged            |    32 |    22 ||    54
Block: Shield            |    24 |    39 ||    63
       Reflection        |     1 |       ||     1
       Rpst.: Long sword |     9 |     1 ||    10

Table legend:
 A = Non-vault XP
 B = Vault XP
 C = Vault XP percentage of total XP
 D = Non-vault monster count
 E = Vault monster count
 F = Vault count percentage of total count
                 A         B        C        D         E       F
            +---------+---------+-------+---------+---------+-------
      Total |     224 |     123 |  35.4 |      76 |       7 |   8.4
            +---------+---------+-------+---------+---------+-------
        D:1 |      59 |       4 |   6.3 |      33 |       3 |   8.3
        D:2 |      29 |       0 |   0.0 |      11 |       0 |   0.0
        D:3 |      84 |       0 |   0.0 |      25 |       0 |   0.0
        D:4 |      52 |     119 |  69.6 |       7 |       4 |  36.4
            +---------+---------+-------+---------+---------+-------
